 Dungeon Crawl Stone Soup version 0.28-a0-620-g539b0f7ac7 (webtiles) character file.

Game seed: 9460420286864315527

229 jasper the Poker (level 5, 0/37 HPs)
             Began as a Demonspawn Artificer on Oct 7, 2021.
             Killed by nerve-wracking pain
             ... invoked by Grinder
              (7 damage)
             ... on level 3 of the Dungeon.
             The game lasted 00:06:51 (4017 turns).

jasper the Poker (Demonspawn Artificer)             Turns: 4017, Time: 00:06:52

Health: 0/37       AC:  9    Str: 13    XL:     5   Next: 71%
Magic:  5/5        EV:  9    Int: 17    God:
Gold:   107        SH:  0    Dex: 15    Spells: 4/4 levels left

rFire   . . .      SeeInvis .   t - +0 dagger (venom)
rCold   . . .      Faith    .   (no shield)
rNeg    . . .      Spirit   .   r - +0 scale mail
rPois   .          Reflect  .   (helmet restricted)
rElec   .          Harm     .   c - +1 cloak
rCorr   .          Rampage  .   i - +0 pair of gloves
Will    .....                   (no boots)
Stlth   +.........              (no amulet)
HPRegen 0.12/turn               (no ring)
MPRegen 0.09/turn               (no ring)

@: no status effects
A: horns 2, powered by death 1, big brain 1, thin skeletal structure 1, clever
1, deterioration 1
a: no special abilities


You were on level 3 of the Dungeon.
You visited 1 branch of the dungeon, and saw 3 of its levels.

You collected 107 gold pieces.

Inventory:

Hand Weapons
 a - a +0 club
 f - a +0 spear
 h - a +0 hand axe
 t - a +0 dagger of venom (weapon)
Missiles
 g - 35 bolts
 q - 3 silver javelins
 w - 12 stones (quivered)
Armour
 b - a +0 leather armour
 c - a +1 cloak (worn)
 i - a +0 pair of gloves (worn)
 r - a +0 scale mail (worn)
Wands
 d - a wand of charming (9)
 j - a wand of polymorph (4)
Scrolls
 k - a scroll of amnesia {unknown}
 n - a scroll of acquirement {unknown}
 p - a scroll of identify {unknown}
Potions
 u - a potion of ambrosia {unknown}
 v - a potion of brilliance {unknown}
Miscellaneous
 e - a piece from Xom's chessboard (8/15)


   Skills:
 - Level 1.0 Fighting
 + Level 5.1 Polearms
 - Level 1.7 Armour
 - Level 0.8 Dodging
 - Level 0.8 Stealth
 - Level 3.0 Evocations


You had 4 spell levels left.
You didn't know any spells.
Your spell library contained the following spells:

 Spells                   Type           Power      Damage    Failure   Level
 Ensorcelled Hibernation  Hex/Ice        0%         N/A       86%         2
 Ozocubu's Armour         Ice            0%         N/A       97%         3
 Spider Form              Tmut/Pois      0%         N/A       97%         3
 Ozocubu's Refrigeration  Ice            0%         4d5       100%        7


Dungeon Overview and Level Annotations

Branches:
Dungeon (3/15)

Altars:
Elyvilon
Kikubaaqudgha
Xom
Yredelemnul

Annotations:
D:3 Grinder


Innate Abilities, Weirdness & Mutations

You have a pair of horns on your head.
You regenerate a little health from kills.
You have an unusually large brain. (Int +2)
You have a somewhat thin skeletal structure. (Dex +2, Stealth+)
Your mind is acute. (Int +2)
Your body sometimes deteriorates upon taking damage.


Message History

You hit Grinder.
Grinder is moderately wounded.
The helpless Grinder fails to defend herself.
You hit Grinder.
Grinder is moderately wounded.
Grinder stops glowing and disappears.
Deactivating autopickup; reactivate with Ctrl-A.
You hit something. You hit something but do no damage. You headbutt something.
You hit something. You closely miss something. Pain shoots through your body!
You take 9 damage, and have 18/37 hp.
MASSIVE DAMAGE!!
You closely miss something. You headbutt something.
Something completely misses you.
You closely miss something. You headbutt something. Something hits you.
You writhe in agony.
You take 5 damage, and have 13/37 hp.
You closely miss something. Something hits you but does no damage.
You closely miss something. Your headbutt misses something.
Something hits you but does no damage. Something hits you but does no damage.
You open the door.
Found a stone staircase leading down.
There is an open door here.
You swing at nothing.
You swing at nothing.
You swing at nothing.
You swing at nothing.
You swing at nothing.
You swing at nothing.
You swing at nothing.
You swing at nothing.
You swing at nothing.
Grinder gestures at you. Pain shoots through your body!
* * * LOW HITPOINT WARNING * * *
You take 10 damage, and have 7/37 hp.
MASSIVE DAMAGE!!
Grinder gestures at you. Pain shoots through your body!
You die...

########## #........#
#........#
#######..$.....###
#...w........w.5.#
#.#............#@#
#.#.....########.#
#.###.........##......#
.w###....((?..##......#
(...+.........++>.....#
..†##.........##......#
..).......[...##......#
..............##......#
..)...........#########


You could see Grinder and a worm.

Vanquished Creatures
  Ijyb (D:3)
  An orc wizard (D:3)
  Natasha (thrice) (D:2)
  3 gnolls (D:2)
  A river rat (D:3)
  3 worms
  2 dart slugs
  3 orcs (D:3)
  3 ball pythons
  4 endoplasms
  4 giant cockroaches
  4 goblins
  4 hobgoblins
  2 kobolds (D:1)
  4 quokkas (D:1)
  3 bats
  5 frilled lizards
  5 rats
55 creatures vanquished.

Vanquished Creatures (others)
  An adder (D:2)
1 creature vanquished.

Grand Total: 56 creatures vanquished

Notes
Turn   | Place    | Note
-------+----------+-------------------------------------------
     0 | D:1      | jasper the Demonspawn Artificer began the quest for the
                  | Orb.
     0 | D:1      | Reached XP level 1. HP: 15/15 MP: 1/1
   345 | D:1      | Reached skill level 1 in Polearms
   377 | D:1      | Gained mutation: You have an unusually large brain. (Int
                  | +2) [demonic ancestry]
   377 | D:1      | Reached XP level 2. HP: 21/21 MP: 2/2
   614 | D:1      | Reached skill level 2 in Polearms
  1439 | D:2      | Gained mutation: You have a pair of small horns on your
                  | head. [demonic ancestry]
  1439 | D:2      | Reached XP level 3. HP: 26/26 MP: 3/3
  1563 | D:2      | Noticed Natasha
  1589 | D:2      | Killed Natasha
  1590 | D:2      | Reached skill level 3 in Polearms
  1668 | D:2      | Noticed Natasha
  1676 | D:2      | Gained mutation: Your body sometimes deteriorates upon
                  | taking damage. [potion of mutation]
  1676 | D:2      | Gained mutation: You have a somewhat thin skeletal
                  | structure. (Dex +2, Stealth+) [potion of mutation]
  1676 | D:2      | Gained mutation: Your mind is acute. (Int +2) [potion of
                  | mutation]
  1683 | D:2      | Killed Natasha
  1684 | D:2      | Gained mutation: You regenerate a little health from kills.
                  | [demonic ancestry]
  1684 | D:2      | Reached XP level 4. HP: 9/32 MP: 4/4
  1768 | D:2      | Noticed Natasha
  1778 | D:2      | Killed Natasha
  1936 | D:2      | Reached skill level 4 in Polearms
  2130 | D:2      | Found a faded altar of an unknown god.
  2628 | D:2      | HP: 1/32 [gnoll (5)]
  2957 | D:2      | Gained mutation: You have a pair of horns on your head.
                  | [demonic ancestry]
  2957 | D:2      | Reached XP level 5. HP: 18/37 MP: 5/5
  3714 | D:3      | Found an ancient bone altar of Kikubaaqudgha.
  3718 | D:3      | Found a shimmering altar of Xom.
  3718 | D:3      | Found a basalt altar of Yredelemnul.
  3909 | D:3      | Noticed Ijyb
  3933 | D:3      | Noticed Grinder
  3945 | D:3      | Killed Ijyb
  3946 | D:3      | Reached skill level 5 in Polearms
  3949 | D:3      | Paralysed by Grinder for 7 turns
  4017 | D:3      | Killed from afar by Grinder

Illustrated notes

Levels and vault maps discovered:
D:1:      lightli_arrival_quake, layout_basic, minmay_tromino_v7
D:2:      layout_loops_ring, basic_ecumenical_altar, kennysheep_generic_room_10,
          uniq_natasha
D:3:      layout_basic, grunt_temple_overflow_open, uniq_grinder, uniq_ijyb

Skill      XL: |  1  2  3  4  5 |
---------------+----------------+-----
Polearms       | 1 2 3 4 5 |  5.1
Fighting       | |  1.0
Armour         | |  1.7
Dodging        | |  0.8
Stealth        | |  0.8
Evocations     | |  3.0

Action                   |  1- 3 |  4- 6 || total
-------------------------+-------+-------++-------
Melee: Spear             |    78 |   137 ||   215
       Unarmed           |     6 |     1 ||     7
       Headbutt          |     2 |    23 ||    25
       Dagger            |       |    12 ||    12
Throw: Stone             |       |     9 ||     9
Evoke: Wand              |    20 |     2 ||    22
       Piece from Xom's  |     2 |     8 ||    10
  Use: Scroll            |     2 |       ||     2
       Potion            |     3 |     5 ||     8
 Stab: Sleeping          |     3 |     2 ||     5
       Petrified         |       |     4 ||     4
       Betrayed ally     |       |     1 ||     1
Armor: Leather armour    |    13 |     8 ||    21
       Skin              |    10 |     6 ||    16
       Scale mail        |       |    32 ||    32
Dodge: Dodged            |    23 |    40 ||    63
Block: Kite shield       |       |    15 ||    15

Table legend: (Time is in decaauts)
 A = Elapsed time spent in this place.
 B = Non-inter-level travel time spent in this place.
 C = Inter-level travel time spent in this place.
 D = Time resting spent in this place.
 E = Time spent auto-exploring this place.
 F = Levels seen in this place.
 G = Mean time per level.
                   A        B        C        D        E       F      G
               +--------+--------+--------+--------+--------+-----+--------+
         Total |   4014 |   3940 |     74 |   1237 |   2037 |   3 | 1338.0 |
       Dungeon |   4014 |   3940 |     74 |   1237 |   2037 |   3 | 1338.0 |
               +--------+--------+--------+--------+--------+-----+--------+

Top non-repeatable levels by time:
     D:1: 1707 daAuts
     D:2: 1535 daAuts
     D:3: 771 daAuts
